 Dungeon Crawl Stone Soup version 0.28-a0-1159-g27aa881441 (webtiles) character file.

Game seed: 2513821572497842191

105 SirFunk the Magician (level 5, -10/37 HPs)
             Began as a Djinni Hedge Wizard on Dec 15, 2021.
             Killed by nerve-wracking pain
             ... invoked by an orc priest
              (13 damage)
             ... on level 3 of the Dungeon on Dec 16, 2021.
             The game lasted 00:09:19 (3433 turns).

SirFunk the Magician (Djinni Hedge Wizard)          Turns: 3433, Time: 00:09:20

Health: -10/37     AC:  2    Str:  9    XL:     5   Next: 9%
Gold:   144        EV: 12    Int: 18    God:
                   SH:  0    Dex: 12

rFire   + + .      SeeInvis .   a - +0 dagger (venom)
rCold   x . .      Faith    .   (no shield)
rNeg    . . .      Spirit   .   b - +0 robe
rPois   ∞          Reflect  .   c - +0 hat
rElec   .          Harm     .   (no cloak)
rCorr   .          Rampage  .   (no gloves)
Will    .....                   (boots unavailable)
Stlth   ++........              (no amulet)
HPRegen 0.12/turn               (no ring)
MPRegen 0.00/turn               (no ring)

@: flying
A: sickness immunity, fire resistance 2, cold vulnerability 1, float, innate
caster, hp casting, extra vitality 1
a: no special abilities


You were on level 3 of the Dungeon.
You visited 1 branch of the dungeon, and saw 3 of its levels.

You collected 144 gold pieces.

Inventory:

Hand Weapons
 a - a +0 dagger of venom (weapon)
Armour
 b - a +0 robe (worn)
 c - a +0 hat (worn)
Scrolls
 d - 2 scrolls of teleportation {unknown}
 f - a scroll of holy word {unknown}
 g - a scroll of silence {unknown}
 h - a scroll of summoning {unknown}
 i - a scroll of identify {unknown}
 j - a scroll of enchant weapon {unknown}
Potions
 e - a potion of resistance {unknown}


   Skills:
 * Level 1.2 Fighting
 + Level 2.4 Dodging
 - Level 1.5 Stealth
 * Level 3.9 Spellcasting


You couldn't memorise any spells.
You knew the following spells:

 Your Spells              Type           Power      Damage    Failure   Level
a - Magic Dart            Conj           68%        1d6       3%          1
b - Blink                 Tloc           34%        N/A       4%          2
c - Call Imp              Summ           17%        N/A       4%          2
d - Slow                  Hex            68%        N/A       3%          1
e - Conjure Flame         Conj/Fire      17%        6-21      9%          3
f - Mephitic Cloud        Conj/Pois/Air  17%        N/A       9%          3
g - Apportation           Tloc           34%        N/A       3%          1
h - Ensorcelled Hibernat  Hex/Ice        34%        N/A       4%          2
Your spell library was empty.

Dungeon Overview and Level Annotations

Branches:
Dungeon (3/15)

Altars:
Qazlal


Innate Abilities, Weirdness & Mutations

You are immune to sickness and miasma.
You are immune to poison.
Your flesh is very heat resistant. (rF++)
You are vulnerable to cold. (rC-)
You float through the air rather than walking.
You learn spells naturally, not from books.
Your magical power is your life essence.
You have superior vitality. (+4 HP)


Message History

The magic dart hits the orc priest.
The orc priest is moderately wounded.
The orc priest completely misses you. The orc barely misses you.
You hit the orc priest.
The orc priest is heavily wounded.
The orc priest closely misses you. The orc barely misses you.
The orc hits you with a +0 short sword.
You closely miss the orc priest.
The orc priest is heavily wounded.
The orc priest hits you with a +0 flail.
The orc hits you with a +0 flail. The orc hits you with a +0 short sword.
The orc priest calls upon Beogh to heal the orc.
The orc's wounds heal themselves!
You completely miss the orc priest.
The orc priest is heavily wounded.
The orc hits you but does no damage.
The orc priest calls down the wrath of Beogh upon you.
You struggle to resist.
You kill the orc!
The orc hits you with a +0 flail!
* * * LOW HITPOINT WARNING * * *
Casting: Magic Dart (safe; 3% risk of failure)
Confirm with . or Enter, or press ? or * to list all spells.
You blink.
* * * LOW HITPOINT WARNING * * *
Casting: Blink (safe; 4% risk of failure)
Confirm with . or Enter, or press ? or * to list all spells.
You miscast Conjure Flame.
You are very lightly contaminated with residual magic.
Nothing appears to happen.
* * * LOW HITPOINT WARNING * * *
You feel stable enough to blink again.
Your magical contamination has completely faded away.
The orc priest looks braver for a moment.
The orc hits you with a +0 flail.
* * * LOW HITPOINT WARNING * * *
You see here a giant cockroach corpse.
The orc priest calls down the wrath of Beogh upon you.
Pain shoots through your body!
You die...

######## #####......##
##.......o...#
#..#######.o.#
#.###$⌠$###†.#
#.##.....##@.#
#.#.......#..#
#.#.8...8.#..#### #
#.#....)..#.(...# #
#.#.......#.....#
######.#.......#.....#
.......#.8..)8)#.....#
######.#.......#)....#
#### #...............#


You could see an orc priest and an orc.

Vanquished Creatures
  An adder (D:3)
  A gnoll (D:1)
  A worm (D:2)
  A dart slug (D:1)
  6 orcs (D:3)
  4 bats
  4 endoplasms (D:3)
  A giant cockroach (D:3)
  9 goblins
  8 hobgoblins
  2 jackals (D:1)
  4 kobolds
  3 quokkas
  8 ball pythons
  8 frilled lizards
  7 rats
68 creatures vanquished.

Vanquished Creatures (collateral kills)
  2 frilled lizards (D:1)
2 creatures vanquished.

Vanquished Creatures (others)
  26 plants
26 creatures vanquished.

Grand Total: 96 creatures vanquished

Notes
Turn   | Place    | Note
-------+----------+-------------------------------------------
     0 | D:1      | SirFunk the Djinni Hedge Wizard began the quest for the
                  | Orb.
     0 | D:1      | Reached XP level 1. HP: 15/15 MP: 0/0
   161 | D:1      | Reached XP level 2. HP: 4/22 MP: 0/0
   719 | D:1      | Reached skill level 3 in Spellcasting
   848 | D:1      | Reached XP level 3. HP: 7/26 MP: 0/0
   848 | D:1      | Learned a level 1 spell: Apportation
  1899 | D:2      | Found a stormy altar of Qazlal.
  1943 | D:2      | Reached XP level 4. HP: 28/31 MP: 0/0
  2075 | D:2      | Found a faded altar of an unknown god.
  2689 | D:3      | Reached skill level 1 in Fighting
  3372 | D:3      | Reached XP level 5. HP: 37/37 MP: 0/0
  3372 | D:3      | Learned a level 2 spell: Ensorcelled Hibernation
  3433 | D:3      | Killed from afar by an orc priest

Illustrated notes

Levels and vault maps discovered:
D:1:      mrwooster_arrival_statue_3, layout_rooms, minmay_lizard_king
D:2:      layout_basic, dreamdust_ecumenical_altar_statues, basic_altar
D:3:      cheibrodos_pilgrimage, layout_rooms, serial_bayou,
          serial_bayou_lagoon_b, serial_bayou_pond_b, serial_bayou_shore_a,
          serial_bayou_pond_b

Skill      XL: |  1  2  3  4 |
---------------+-------------+-----
Spellcasting   | 3 |  3.9
Fighting       | 1 |  1.2
Dodging        | |  2.4
Stealth        | |  1.5

Action                   |  1- 3 |  4- 6 || total
-------------------------+-------+-------++-------
Melee: Dagger            |    20 |    20 ||    40
 Cast: Magic Dart        |    73 |    69 ||   142
       Slow              |     2 |       ||     2
       Call Imp          |     2 |       ||     2
       Conjure Flame     |     1 |       ||     1
       Blink             |       |     1 ||     1
       Ensorcelled Hiber |       |     1 ||     1
  Use: Potion            |     1 |       ||     1
 Stab: Sleeping          |       |     1 ||     1
Armor: Robe              |     5 |     4 ||     9
Dodge: Dodged            |    16 |    14 ||    30

Table legend: (Time is in decaauts)
 A = Elapsed time spent in this place.
 B = Non-inter-level travel time spent in this place.
 C = Inter-level travel time spent in this place.
 D = Time resting spent in this place.
 E = Time spent auto-exploring this place.
 F = Levels seen in this place.
 G = Mean time per level.
                   A        B        C        D        E       F      G
               +--------+--------+--------+--------+--------+-----+--------+
         Total |   3432 |   3368 |     64 |   1322 |   1542 |   3 | 1144.0 |
       Dungeon |   3432 |   3368 |     64 |   1322 |   1542 |   3 | 1144.0 |
               +--------+--------+--------+--------+--------+-----+--------+

Top non-repeatable levels by time:
     D:1: 1691 daAuts
     D:2: 987 daAuts
     D:3: 753 daAuts
